 Dungeon Crawl Stone Soup version 0.18.1-50-g88ac8fd (webtiles) character file.

231 anachron1 the Poker (level 5, -2/47 HPs)
             Began as a Draconian Berserker on Sept 28, 2016.
             Was a Priest of Trog.
             Slain by Sigmund
             ... wielding a cursed -3 scythe
              (3 damage)
             ... on level 4 of the Dungeon.
             The game lasted 00:06:16 (3307 turns).

anachron1 the Poker (Draconian Berserker)           Turns: 3307, Time: 00:06:17

Health: -2/47      AC:  6    Str: 20    XL:     5   Next: 73%
Magic:  5/5        EV: 13    Int:  7    God:    Trog [***...]
Gold:   161        SH:  0    Dex: 11    Spells: 0 memorised, 4 levels left

rFire  + . .     SeeInvis .     a - +0 spear
rCold  x . .     Gourm    .     (armour unavailable)
rNeg   . . .     Faith    .     (no shield)
rPois  .         Spirit   .     (helmet restricted)
rElec  .         Dismiss  .     (no cloak)
rCorr  .         Reflect  .     (no gloves)
SustAt .         Harm     .     v - +0 pair of boots
MR     .....                    (no amulet)
Stlth  +.........               (no ring)
                                f - ring of fire

@: confused, not resistant to hostile enchantments, very unstealthy
A: unfitting armour, cold-blooded, AC +5
a: Berserk, Trog's Hand, Burn Spellbooks, Renounce Religion


You were on level 4 of the Dungeon.
You worshipped Trog.
Trog was most pleased with you.
You were not hungry.

You visited 1 branch of the dungeon, and saw 4 of its levels.

You collected 161 gold pieces.

Inventory:

Hand Weapons
 a - a +0 spear (weapon)
Missiles
 c - 122 stones (quivered)
Armour
 v - a +0 pair of boots (worn)
Jewellery
 f - a ring of fire (left hand)
 q - an uncursed ring of fire
Wands
 p - a wand of polymorph (4/24)
 s - a wand of iceblast (9/15)
Scrolls
 d - a scroll of enchant weapon {unknown}
 e - 2 scrolls of remove curse
 h - 2 scrolls of identify
 i - a scroll of blinking
 k - a scroll of magic mapping {unknown}
 m - a scroll of recharging {unknown}
 r - a scroll of teleportation
 w - a scroll of fog {unknown}
Potions
 g - a potion of mutation {unknown}
 j - a potion of heal wounds {unknown}
 t - 2 potions of cancellation {unknown}
 u - a potion of brilliance {unknown}
Comestibles
 b - 5 bread rations
 l - 4 fruits
 n - 2 beef jerkies


   Skills:
 + Level 4.4 Fighting
 * Level 5.2 Polearms
 + Level 3.6 Dodging


You had 4 spell levels left.
You didn't know any spells.

Dungeon Overview and Level Annotations

Branches:
Dungeon (4/15)
 Temple: D:4-7

Altars:
Ru
Trog
Xom

Annotations:
D:4 Sigmund


Innate Abilities, Weirdness & Mutations

Your plain brown scales are hard (AC +5).
Your body does not fit into most forms of armour.
You are cold-blooded and may be slowed by cold attacks.


Message History

You miss something.
You hear some strange, mumbled words.
Something tries to affect you, but you resist.
You miss something. Something hits you.
* * * LOW HITPOINT WARNING * * *
The quokka bites you but does no damage.
You closely miss something. The quokka barely misses you.
You hear some strange, mumbled words.
Something tries to affect you, but you resist.
You barely miss something.
You hear some strange, mumbled words.
You are confused.
The quokka closely misses you. Something hits you!
* * * LOW HITPOINT WARNING * * *
The quokka barely misses you.
Unknown command.
You bump into the stone wall.
The quokka bites you but does no damage.
Something hits you.
You die...

### #.. #.# #.#
#.# #.# ##[##
##.#@##
#####.###r##
#....## ##.#
#.#.#.###..#
...#....#.#.#
........<.##.#
#.#####.........
#.####.#># #.#
#.#


You could see a quokka.

Vanquished Creatures
  Natasha (thrice) (D:2)
  A gnoll (D:1)
  4 adders
  An ooze (D:3)
  2 worms
  2 dart slugs
  3 giant geckos
  7 orcs (D:3)
  5 giant cockroaches
  11 hobgoblins
  4 jackals (D:2)
  7 kobolds
  A quokka (D:2)
  6 bats
  3 giant newts
  16 goblins
  6 rats
82 creatures vanquished.

Notes
Turn   | Place    | Note
--------------------------------------------------------------
     0 | D:1      | anachron1 the Draconian Berserker began the quest for the Orb.
     0 | D:1      | Reached XP level 1. HP: 19/19 MP: 1/1
   277 | D:1      | Reached XP level 2. HP: 18/26 MP: 2/2
   737 | D:1      | Reached XP level 3. HP: 27/31 MP: 3/3
  1093 | D:2      | Reached ** piety under Trog
  1251 | D:2      | Reached skill level 4 in Polearms
  1392 | D:2      | Noticed Natasha
  1401 | D:2      | Killed Natasha
  1401 | D:2      | Reached XP level 4. HP: 37/40 MP: 4/4
  1480 | D:2      | Noticed Natasha
  1492 | D:2      | Killed Natasha
  1501 | D:2      | Noticed Natasha
  1512 | D:2      | Killed Natasha
  1789 | D:2      | Reached XP level 5. HP: 36/46 MP: 5/5
  2618 | D:3      | Found a shimmering altar of Xom.
  2618 | D:3      | Found a sacrificial altar of Ru.
  2627 | D:3      | Reached *** piety under Trog
  2789 | D:3      | Reached skill level 5 in Polearms
  2793 | D:3      | Found a bloodstained altar of Trog.
  3282 | D:4      | Noticed Sigmund
  3304 | D:4      | HP: 1/47 [something (8)]
  3307 | D:4      | Slain by Sigmund

Skill      XL: |  1  2  3  4  5 |
---------------+----------------+-----
Dodging        | 3 |  3.6
Polearms       | 4 5 |  5.2
Fighting       | 4 |  4.4

Action                   |  1- 3 |  4- 6 || total
-------------------------+-------+-------++-------
Melee: Spear             |   107 |   241 ||   348
       Tailslap          |    13 |    32 ||    45
       Unarmed           |     1 |     9 ||    10
  Use: Scroll            |       |     4 ||     4
 Stab: Sleeping          |       |     2 ||     2
  Eat: Chunk             |     1 |     7 ||     8
Armor: Skin              |    20 |    35 ||    55
Dodge: Dodged            |    45 |   122 ||   167
